 Dungeon Crawl Stone Soup version 0.24-a0-640-ge7cd8ce796 (webtiles) character file.

Game seed: 615821878167170849, levelgen mode: deterministic

51 Gynju the Protected (level 3, 0/28 HPs)
             Began as a Gnoll Wanderer on Sept 25, 2019.
             Slain by an adder (1 damage)
             ... on level 2 of the Dungeon.
             The game lasted 00:01:36 (1315 turns).

Gynju the Protected (Gnoll Wanderer)                Turns: 1315, Time: 00:01:37

Health: 0/28       AC: 11    Str: 14    XL:     3   Next: 81%
Magic:  4/4        EV:  9    Int: 16    God:
Gold:   61         SH:  0    Dex: 13    Spells: 3/3 levels left

rFire    . . .     SeeInvis .   a - +0 mace
rCold    . . .     Gourm    .   (no shield)
rNeg     . . .     Faith    .   j - +2 scale mail
rPois    .         Spirit   .   (no helmet)
rElec    .         Reflect  .   (no cloak)
rCorr    .         Harm     .   i - +0 pair of gloves
MR       .....                  (no boots)
Stlth    ..........             (no amulet)
HPRegen  0.09/turn              (no ring)
MPRegen  0.09/turn              (no ring)

@: no status effects
A: distributed training, fangs 1, strong nose
a: no special abilities


You were on level 2 of the Dungeon.
You were hungry.

You visited 1 branch of the dungeon, and saw 2 of its levels.

You collected 61 gold pieces.

Inventory:

Hand Weapons
 a - a +0 mace (weapon)
 b - a +0 hunting sling
Missiles
 h - 45 stones (quivered)
Armour
 i - a +0 pair of gloves (worn)
 j - a +2 scale mail (worn)
Jewellery
 l - a +1 ring of slaying {unknown}
Scrolls
 e - a scroll of identify {unknown}
 g - a scroll of remove curse {unknown}
Potions
 c - a potion of lignification
 k - a potion of magic {unknown}
Comestibles
 d - 3 rations


   Skills:
 + Level 2.6 Fighting
 + Level 0.9 Short Blades
 + Level 0.9 Long Blades
 + Level 0.9 Axes
 + Level 0.9 Maces & Flails
 + Level 0.9 Polearms
 + Level 0.9 Staves
 + Level 0.9 Slings
 + Level 0.9 Bows
 + Level 6.5 Crossbows
 + Level 0.9 Throwing
 + Level 8.5 Armour
 + Level 0.9 Dodging
 + Level 0.9 Stealth
 + Level 4.5 Shields
 + Level 0.9 Unarmed Combat
 + Level 0.9 Spellcasting
 + Level 0.6 Conjurations
 + Level 0.6 Hexes
 + Level 0.6 Charms
 + Level 0.6 Summonings
 + Level 0.6 Necromancy
 + Level 0.6 Translocations
 + Level 0.6 Transmutations
 + Level 0.6 Fire Magic
 + Level 0.6 Ice Magic
 + Level 0.6 Air Magic
 + Level 0.6 Earth Magic
 + Level 0.6 Poison Magic
 + Level 1.0 Invocations
 + Level 0.9 Evocations


You had 3 spell levels left.
You didn't know any spells.
Your spell library was empty.

Dungeon Overview and Level Annotations

Branches:
Dungeon (2/15)

Altars:


Innate Abilities, Weirdness & Mutations

Your experience applies equally to all skills.
You have very sharp teeth.
Your uncanny sense of smell can sniff out nearby items.


Message History

The hobgoblin hits you but does no damage.
You hit the adder.
The adder is severely wounded.
The adder bites you.
* * * LOW HITPOINT WARNING * * *
The adder bites you but does no damage.
The hobgoblin hits you but does no damage.
You miss the adder. Your bite misses the adder.
The adder is severely wounded.
The adder bites you but does no damage.
The hobgoblin hits you but does no damage.
The adder bites you but does no damage.
You miss the adder.
The adder is severely wounded.
The adder bites you but does no damage. The hobgoblin closely misses you.
The adder barely misses you.
You closely miss the adder.
The adder is severely wounded.
The hobgoblin closely misses you. The adder bites you.
You die...

......#####.#.#.#
#.......#.#.#
#...†#..#.#.#
+....#).#.#.#
#....#..#.#.#
####.#..#.#.#
.......b# #.#
......#S#.#.#
......g@..#.#
......#####.#
...... #.# #####
### ∆


You could see an adder, a hobgoblin and a bat.

Vanquished Creatures
  An adder (D:2)
  An ooze (D:1)
  A dart slug (D:1)
  2 leopard geckos
  2 bats
  2 giant cockroaches (D:1)
  3 goblins (D:1)
  6 hobgoblins
  4 kobolds (D:1)
  3 frilled lizards (D:1)
  8 rats
33 creatures vanquished.

Notes
Turn   | Place    | Note
-------+----------+-------------------------------------------
     0 | D:1      | Gynju the Gnoll Wanderer began the quest for the Orb.
     0 | D:1      | Gynju set off with the following items: a +0 mace, a +2
                  | scale mail, a potion of lignification, a ration
     0 | D:1      | Reached XP level 1. HP: 17/17 MP: 1/1
   251 | D:1      | Reached XP level 2. HP: 23/23 MP: 2/2
   755 | D:1      | Reached XP level 3. HP: 24/28 MP: 3/3
  1253 | D:2      | Reached skill level 1 in Invocations
  1312 | D:2      | HP: 1/28 [adder (2)]
  1315 | D:2      | Slain by an adder

Levels and vault maps discovered:
D:1:      sevenhm_arrival_forest_fort_small_6, layout_basic
D:2:      kb_forest_paths, layout_basic, gammafunk_temple_overflow_statue,
          chequers_serial_rivers_micro_a

Skill      XL: |  1  2  3 |
---------------+----------+-----
Invocations    | 1 |  1.0
Fighting       | |  2.6
Short Blades   | |  0.9
Long Blades    | |  0.9
Axes           | |  0.9
Maces & Flails | |  0.9
Polearms       | |  0.9
Staves         | |  0.9
Slings         | |  0.9
Bows           | |  0.9
Crossbows      | |  6.5
Throwing       | |  0.9
Armour         | |  8.5
Dodging        | |  0.9
Stealth        | |  0.9
Shields        | |  4.5
Unarmed Combat | |  0.9
Spellcasting   | |  0.9
Conjurations   | |  0.6
Hexes          | |  0.6
Charms         | |  0.6
Summonings     | |  0.6
Necromancy     | |  0.6
Translocations | |  0.6
Transmutations | |  0.6
Fire Magic     | |  0.6
Ice Magic      | |  0.6
Air Magic      | |  0.6
Earth Magic    | |  0.6
Poison Magic   | |  0.6
Evocations     | |  0.9

Action                   || total
-------------------------++-------
Melee: Mace              ||   123
       Bite              ||     6
  Eat: Chunk             ||     1
Armor: Scale mail        ||   147
Dodge: Dodged            ||   139

Table legend:
 A = Non-vault XP
 B = Vault XP
 C = Vault XP percentage of total XP
 D = Non-vault monster count
 E = Vault monster count
 F = Vault count percentage of total count
                 A         B        C        D         E       F
            +---------+---------+-------+---------+---------+-------
      Total |      73 |       0 |   0.0 |      33 |       0 |   0.0
            +---------+---------+-------+---------+---------+-------
        D:1 |      52 |       0 |   0.0 |      28 |       0 |   0.0
        D:2 |      21 |       0 |   0.0 |       5 |       0 |   0.0
            +---------+---------+-------+---------+---------+-------
